Map: 锈化山巅-天梯版

Players

wanted

  • Race: Zerg Zerg

iGXY (XY) - Winner!

  • Race: Terran Terran

Event: DreamHack SC2 Masters 2020 Winter

VOD

Have the link to the VOD?

Description

Time

  • Played on: Oct. 28, 2020, 9:17 a.m.
  • Length: 17:55

All games in this series

Show
View Real Time Build Order
Export as new Build Order

wanted Zerg 

Build Orders: Hatch First, Muta Ling Bane 

Get SALT Encoding   

  12  0:00  Drone  
  13  0:08  Drone  
  14  0:16  Overlord  
  14  0:23  Extractor  
  14  0:24  Drone  
  15  0:34  Drone  
  16  0:48  Hatchery  
  15  0:51  Drone  
  15  0:54  Drone  
  17  0:58  Drone  
  18  1:09  Extractor  
  17  1:14  Spawning Pool  
  17  1:16  Drone  
  17  1:19  Drone  
  18  1:27  Drone  
  19  1:37  Drone  
  20  1:48  Drone  
  21  2:00  Queen x2  
  26  2:01  Zergling x4  
  27  2:10  Overlord  
  27  2:19  Hatchery  
  27  2:21  Drone  
  27  2:25  Drone  
  27  2:29  Drone  
  29  2:35  Drone x2  
  31  2:42  Metabolic Boost  
  31  2:45  Queen  
  33  2:52  Overlord  
  33  2:55  Overlord  
  33  2:57  Drone  
  34  3:00  Drone  
  34  3:04  Drone  
  36  3:10  Drone  
  36  3:12  Drone x3  
  40  3:17  Drone  
  41  3:20  Queen  
  41  3:24  Drone  
  44  3:30  Drone, Queen  
  44  3:33  Drone x2  
  49  3:39  Overlord  
  49  3:42  Drone x3  
  52  3:49  Drone x2  
  54  3:56  Drone x3, Queen  
  59  4:05  Evolution Chamber  
  59  4:06  Evolution Chamber, Overlord  
  59  4:07  Overlord  
  57  4:10  Zergling x6  
  60  4:21  Extractor, Overlord  
  59  4:27  Queen  
  61  4:32  Zergling x8  
  61  4:34  Drone x5  
  61  4:37  Drone  
  71  4:41  Spore Crawler  
  71  4:43  Spore Crawler x2  
  71  4:45  Queen, Overlord  
  68  4:47  Drone  
  71  4:53  Drone  
  71  4:57  Zerg Melee Weapons Level 1, Zerg Ground Armor Level 1  
  72  5:01  Lair  
  72  5:05  Drone x3  
  74  5:12  Drone x5  
  79  5:14  Zergling x2  
  79  5:20  Zergling x2  
  79  5:21  Zergling x2  
  82  5:22  Overlord x2  
  82  5:25  Spore Crawler  
  81  5:29  Drone x4  
  81  5:33  Spore Crawler  
  84  5:38  Drone x4, Baneling Nest  
  87  5:48  Overlord  
  87  5:49  Overlord x2  
  87  5:50  Drone x4  
  87  5:54  Extractor  
  87  5:55  Extractor  
  87  5:56  Extractor  
  88  5:57  Drone x3  
  88  6:03  Overlord  
  91  6:05  Drone x3  
  91  6:10  Hydralisk Den  
  93  6:16  Zergling x6  
  93  6:17  Drone  
  97  6:21  Drone  
  97  6:22  Centrifical Hooks  
  98  6:28  Baneling x6  
  98  6:29  Baneling x3  
  98  6:31  Overseer  
  98  6:32  Hatchery  
  97  6:33  Zergling x12  
  104  6:48  Drone x4, Extractor, Spire  
  104  6:49  Drone  
  104  6:52  Hatchery  
  105  6:59  Drone  
  106  7:04  Roach Warren  
  106  7:06  Zergling x14  
  112  7:09  Overlord x3  
  112  7:18  Drone x5  
  117  7:25  Hatchery  
  117  7:26  Overlord  
  117  7:29  Spore Crawler  
  115  7:35  Overlord  
  107  7:47  Drone  
  107  7:48  Drone x11, Hatchery  
  118  7:52  Overseer  
  118  8:06  Zerg Flyer Weapons Level 1  
  118  8:07  Mutalisk  
  118  8:08  Mutalisk x6  
  118  8:12  Mutalisk x5  
  141  8:22  Pneumatized Carapace  
  141  8:25  Mutalisk  
  141  8:26  Drone x2  
  144  8:32  Overlord  
  139  8:36  Overlord  
  139  8:37  Drone x4  
  139  8:39  Queen  
  142  8:44  Extractor  
  142  8:46  Mutalisk x3  
  146  8:51  Drone x8  
  154  8:57  Baneling  
  154  8:58  Baneling x3  
  154  8:59  Mutalisk  
  154  9:00  Mutalisk  
  158  9:04  Drone x2, Extractor x2  
  158  9:07  Extractor, Spine Crawler  
  156  9:10  Overlord  
  154  9:17  Mutalisk x3  
  154  9:19  Zergling x2, Overlord  
  154  9:20  Zergling x14  
  164  9:25  Infestation Pit  
  157  9:37  Zergling x18  
  157  9:38  Overlord  
  150  9:44  Overlord  
  150  9:45  Drone x2  
  148  9:49  Mutalisk x5  
  148  9:50  Overlord  
  156  9:53  Drone x6  
  156  9:57  Mutalisk x2  
  166  10:00  Zergling x8  
  166  10:05  Zerg Flyer Weapons Level 2  
  170  10:09  Zergling x16  
  176  10:14  Spine Crawler  
  176  10:16  Spine Crawler, Hive  
  176  10:19  Mutalisk x2  
  178  10:27  Mutalisk  
  180  10:28  Zergling x18  
  189  10:36  Mutalisk x2  
  189  10:38  Zergling x14  
  200  10:46  Overseer  
  200  10:48  Overseer  
  200  10:51  Baneling x12  
  200  10:52  Baneling  
  200  10:55  Overseer  
  200  10:59  Baneling x5  
  200  11:10  Baneling x12  
  200  11:15  Hatchery  
  195  11:19  Mutalisk x2  
  195  11:22  Baneling x5  
  195  11:23  Baneling  
  195  11:24  Zergling x6  
  199  11:36  Zerg Melee Weapons Level 2  
  196  11:44  Zergling x48  
  183  11:51  Corruptor x6  
  183  11:53  Zergling x18  
  174  11:56  Zergling x2  
  174  12:01  Baneling x11, Zergling x6  
  175  12:06  Baneling x6  
  176  12:09  Zergling x14  
  176  12:13  Baneling x7  
  164  12:23  Zergling x24  
  164  12:29  Overlord  
  148  12:32  Adrenal Glands  
  148  12:34  Zergling x8  
  148  12:36  Ultralisk Cavern  
  132  12:44  Drone x3  
  135  12:52  Corruptor x5, Zerg Flyer Armor Level 1  
  145  12:58  Zergling x2  
  145  12:59  Zergling x10  
  145  13:05  Baneling x10  
  151  13:10  Spine Crawler  
  151  13:12  Zergling x6  
  153  13:17  Baneling  
  153  13:18  Baneling x3, Overseer x2  
  153  13:19  Overseer, Spine Crawler x2  
  151  13:24  Chitinous Plating  
  151  13:27  Zergling x14  
  151  13:33  Zergling x8  
  150  13:43  Ultralisk  
  150  13:48  Spore Crawler  
  138  13:49  Corruptor x3  
  147  13:55  Ultralisk  
  139  14:03  Ultralisk, Zergling x4  
  139  14:06  Overseer x3  
  144  14:15  Ultralisk, Zergling x2  
  146  14:24  Zergling x14  
  114  14:31  Zergling x6  
  114  14:32  Zergling x8  
  121  14:40  Zergling x12  
  121  14:44  Drone  
  121  14:45  Roach  
  130  14:50  Viper x2  
  136  14:53  Drone  
  136  14:54  Drone x5  
  142  15:04  Baneling  
  142  15:05  Baneling x11  
  141  15:11  Zergling x14  
  147  15:20  Ultralisk, Zergling x2  
  154  15:34  Ultralisk  
  160  15:40  Zergling x12  
  160  15:46  Corruptor x3  
  160  15:49  Zergling x6  
  158  15:57  Zergling x4  
  158  15:58  Zergling x6  
  149  16:08  Ultralisk, Zergling x2  
  130  16:15  Zergling x12  
  126  16:39  Baneling x9  
  126  16:40  Hatchery, Zergling x18  
  132  16:51  Ultralisk, Zergling x4  
  134  17:00  Zergling x16  
  122  17:08  Corruptor x2  
  122  17:13  Corruptor  
  128  17:22  Corruptor x2  
  132  17:27  Zergling x12  
  112  17:37  Zergling x4  
Show
View Real Time Build Order
Export as new Build Order

iGXY Terran - Winner!

Build Orders: Reaper Expand, Mech 

Get SALT Encoding   

  12  0:00  SCV  
  13  0:12  SCV  
  14  0:17  Supply Depot  
  14  0:24  SCV  
  15  0:38  SCV  
  15  0:40  Barracks  
  16  0:43  Refinery  
  16  0:50  SCV  
  17  1:02  SCV  
  18  1:15  SCV  
  19  1:28  Orbital Command, Reaper  
  20  1:38  Command Center  
  20  1:51  Supply Depot  
  20  1:53  SCV  
  21  2:00  Marine  
  22  2:05  SCV  
  23  2:15  Factory  
  23  2:18  SCV, Marine  
  23  2:20  Refinery  
  25  2:30  SCV  
  26  2:37  Barracks Reactor  
  26  2:42  SCV  
  26  2:43  Command Center  
  27  2:51  Orbital Command  
  27  2:55  SCV  
  28  3:02  Starport  
  28  3:08  SCV  
  29  3:18  SCV  
  30  3:20  SCV  
  30  3:22  Hellion x2  
  35  3:30  SCV  
  35  3:32  SCV  
  37  3:38  Fusion Core  
  37  3:39  Starport Tech Lab  
  37  3:42  SCV  
  37  3:43  Hellion  
  37  3:44  SCV  
  37  3:45  Hellion  
  43  3:54  SCV  
  44  3:56  SCV  
  44  3:58  Orbital Command  
  44  4:05  Hellion  
  44  4:06  SCV, Hellion  
  53  4:10  Barracks Tech Lab, SCV  
  53  4:16  Supply Depot  
  53  4:20  SCV  
  53  4:22  SCV  
  55  4:30  Refinery, Battlecruiser  
  58  4:32  SCV  
  58  4:34  SCV  
  58  4:36  Refinery  
  60  4:40  Supply Depot  
  60  4:44  SCV  
  61  4:46  Supply Depot, Orbital Command  
  61  4:47  SCV, Hellion x2  
  61  4:52  Armory  
  66  4:56  SCV  
  66  4:59  SCV  
  68  5:08  SCV, Hellion x2  
  68  5:10  Factory  
  68  5:11  SCV  
  68  5:13  Factory  
  74  5:15  Barracks Tech Lab  
  74  5:16  SCV  
  74  5:20  SCV  
  76  5:25  Supply Depot  
  76  5:26  Supply Depot  
  76  5:30  Hellion x2  
  76  5:34  SCV x2  
  82  5:46  SCV x2  
  82  5:47  Refinery  
  82  5:49  Refinery  
  84  5:51  Hellion x2  
  84  5:52  SCV  
  89  5:58  SCV, Siege Tank  
  89  5:59  Starport Tech Lab  
  93  6:05  SCV  
  93  6:06  SCV  
  93  6:09  Armory  
  95  6:14  Siege Tank  
  95  6:17  SCV  
  95  6:18  Supply Depot  
  99  6:20  Hellion  
  99  6:21  Barracks Reactor  
  101  6:26  Factory  
  101  6:27  Factory  
  101  6:29  SCV x2, Hellion  
  101  6:30  Supply Depot  
  105  6:48  Thor  
  105  6:49  Thor  
  118  6:55  Supply Depot  
  118  6:57  SCV x3  
  118  7:00  Supply Depot  
  120  7:02  Weapon Refit  
  120  7:09  SCV x3  
  120  7:11  Engineering Bay  
  123  7:21  SCV  
  123  7:22  Battlecruiser  
  128  7:33  Siege Tank x2  
  120  7:40  Thor  
  120  7:43  Terran Vehicle Weapons Level 1  
  122  7:48  Terran Vehicle And Ship Armor Level 1  
  122  7:52  Missile Turret  
  122  7:53  Missile Turret  
  122  7:58  SCV x3  
  125  8:08  Thor x2  
  125  8:10  SCV x3  
  125  8:11  Infernal Pre-Igniter, Smart Servos  
  128  8:20  Thor  
  128  8:22  SCV x3  
  128  8:26  Command Center  
  131  8:34  SCV  
  131  8:36  Thor  
  136  8:41  Thor  
  136  8:44  Thor  
  136  8:46  Supply Depot  
  138  8:58  Drilling Claws  
  138  8:59  Widow Mine  
  138  9:01  Missile Turret  
  138  9:02  Refinery x2  
  140  9:08  Widow Mine x2  
  144  9:11  SCV x2  
  144  9:12  Missile Turret  
  144  9:13  Missile Turret  
  144  9:19  Thor  
  149  9:26  Supply Depot  
  149  9:34  SCV x2  
  149  9:37  Thor  
  149  9:38  Battlecruiser  
  161  9:43  SCV  
  161  9:44  Planetary Fortress  
  156  9:46  SCV  
  156  9:49  SCV  
  158  9:55  SCV  
  158  9:58  SCV  
  160  10:03  Widow Mine x4  
  168  10:07  Supply Depot x2  
  168  10:12  Terran Vehicle Weapons Level 2, Terran Vehicle And Ship Armor Level 2  
  166  10:15  Missile Turret  
  166  10:18  Missile Turret  
  166  10:22  Widow Mine x2  
  166  10:25  Supply Depot x2  
  170  10:28  Thor  
  170  10:32  Factory  
  176  10:39  Missile Turret, Hellion x4  
  183  10:43  Factory  
  181  10:50  Refinery  
  181  10:51  Missile Turret  
  181  10:52  SCV x2  
  181  10:53  SCV  
  184  11:01  Battlecruiser  
  190  11:05  SCV  
  190  11:06  SCV x2  
  193  11:22  Hellion x3  
  199  11:26  Command Center  
  199  11:37  Factory Tech Lab x2  
  199  11:42  Missile Turret, Barracks  
  199  11:45  Thor  
  199  11:46  Thor  
  192  11:47  Hellion  
  192  11:48  Hellion  
  178  11:55  Hellion x3  
  184  12:04  Command Center x2  
  184  12:05  Hellion x2  
  184  12:06  Battlecruiser  
  194  12:09  Hellion x2  
  196  12:15  Barracks  
  196  12:21  Thor  
  196  12:23  Hellion x2  
  196  12:26  Thor  
  196  12:27  Hellion  
  196  12:29  Hellion x2  
  190  12:30  Hellion  
  190  12:34  Hellion  
  152  12:48  Thor, Terran Vehicle Weapons Level 3  
  152  12:50  Thor  
  162  12:55  Terran Vehicle And Ship Armor Level 3  
  162  13:04  Cyclone  
  162  13:05  Widow Mine x4  
  173  13:07  Mag-Field Accelerator  
  173  13:11  Planetary Fortress  
  173  13:13  Missile Turret  
  173  13:17  Siege Tank  
  176  13:22  Siege Tank  
  179  13:31  Siege Tank  
  182  13:43  Siege Tank x2  
  182  13:44  Hellion x3  
  192  13:49  Siege Tank  
  192  13:54  Refinery  
  185  13:59  Refinery  
  185  14:02  Battlecruiser  
  182  14:24  Siege Tank x4  
  175  14:25  Hellion x3  
  175  14:30  Siege Tank  
  179  14:43  Missile Turret  
  179  14:44  Missile Turret, Planetary Fortress  
  179  14:45  SCV x2  
  179  14:51  Orbital Command  
  181  14:56  Siege Tank  
  184  15:06  Battlecruiser  
  190  15:07  Missile Turret  
  190  15:08  Siege Tank x2  
  190  15:11  Siege Tank  
  199  15:33  Terran Ship Weapons Level 1  
  199  15:40  Refinery x2  
  196  15:43  Siege Tank  
  196  15:44  Missile Turret  
  196  15:54  Hellion x2  
  197  16:05  Siege Tank  
  197  16:06  Siege Tank x2  
  197  16:07  Siege Tank  
  175  16:13  Hellion x2  
  175  16:14  Battlecruiser  
  175  16:15  Hellion x2  
  175  16:16  Siege Tank  
  178  16:28  SCV  
  179  16:34  Hellion  
  179  16:35  Hellion  
  179  16:36  Missile Turret, Hellion  
  179  16:37  Missile Turret, Siege Tank  
  179  16:38  Thor, Siege Tank  
  197  16:50  SCV x3  
  191  16:55  Siege Tank x2  
  183  17:12  Siege Tank, Command Center  
  186  17:17  Siege Tank  
  186  17:21  Siege Tank  
Tags
 
Add a new tag
Caveats
  • Supply blocks, unpowered buildings, or Contaminate may cause inaccurate times.
  • Supply counts are checked every 10 seconds.